 Dungeon Crawl Stone Soup version 0.31-a0-345-g1ebeae05c6 (webtiles) character file.

Game seed: 9306995985990056178

11386 RepHenryClay the Nimble (level 11, -5/54 HPs)
             Began as a Deep Elf Fire Elementalist on July 23, 2023.
             Was an Elder of Vehumet.
             Killed from afar by an acid dragon (25 damage)
             ... with a splash of acid
             ... on level 11 of the Dungeon.
             The game lasted 00:27:05 (13236 turns).

RepHenryClay the Nimble (DEFE)                     Turns: 13236, Time: 00:27:06

Health: -5/54      AC: 17    Str: 10    XL:     11   Next: 48%
Magic:  3/27       EV: 18    Int: 23    God:    Vehumet [****..]
Gold:   294        SH:  0    Dex: 17    Spells: 5/30 levels left

rFire   + . .        a - staff of poison
rCold   + . .        (no shield)
rNeg    . . .        w - +6 leather armour of Impermeability {Str+2}
rPois   +            c - +0 helmet
rElec   .            D - scarf {rC+ rF+}
rCorr   .            H - +2 pair of gloves {Str+3}
SInv    .            (no boots)
Will    +....        (no amulet)
Stlth   ++           A - +4 ring of protection
HPRegen 0.29/turn    F - ring of wizardry
MPRegen 0.20/turn

%: wizardry (x1)
@: radiating poison
A: no striking features
a: Renounce Religion


You were on level 11 of the Dungeon.
You worshipped Vehumet.
Vehumet was greatly pleased with you.
You visited 2 branches of the dungeon, and saw 12 of its levels.
You also visited: Sewer.

You collected 648 gold pieces.
You spent 354 gold pieces at shops.

Inventory:

Armour
 c - a +0 helmet (worn)
 r - a +0 troll leather armour {Pargi}
 w - the +6 leather armour of Impermeability (worn) {Str+2}
   (You found it on level 3 of the Dungeon)

   Str:       It affects your strength (+2).
 D - a scarf of resistance (worn)
 H - a +2 pair of gloves of strength (worn)
 P - the +0 robe "Kitoid" {-Tele Drain rC++ rN+++}
   (You took it off an orc on level 9 of the Dungeon)

   rC:        It greatly protects you from cold.
   rN:        It renders you almost immune to negative energy.
   -Tele:     It prevents most forms of teleportation.
   Drain:     It drains your maximum health when unequipped.
Magical Staves
 a - a staff of poison (weapon)
Jewellery
 h - a ring of flight
 m - a ring of protection from cold
 q - the amulet "Ywiddagh" {Reflect Harm *Slow rElec Str+5 SH+5}
   (You found it on level 3 of the Dungeon)

   [amulet of reflection]

   It reflects blocked missile attacks.
   Str:       It affects your strength (+5).
   rElec:     It insulates you from electricity.
   *Slow:     It may slow you when you take damage.
   SH:        It affects your SH (+5).
   Harm:      It increases damage dealt and taken.
 A - a +4 ring of protection (left hand)
 F - a ring of wizardry (right hand)
 I - a +5 ring of evasion
 N - a ring of willpower
Wands
 B - a wand of mindburst (15)
 J - a wand of roots (2)
 K - a wand of polymorph (13)
 O - a wand of charming (3)
Scrolls
 d - 2 scrolls of vulnerability
 e - 2 scrolls of enchant armour
 g - 4 scrolls of teleportation
 i - 3 scrolls of enchant weapon
 j - 3 scrolls of blinking
 k - 8 scrolls of revelation
 n - a scroll of fear {unknown}
 o - a scroll of immolation {unknown}
 s - 3 scrolls of fog
 x - 3 scrolls of brand weapon {unknown}
 y - 4 scrolls of poison {unknown}
 z - a scroll of silence {unknown}
 G - a scroll of torment {unknown}
 M - a scroll of amnesia {unknown}
 S - a scroll of identify {@r1}
Potions
 b - a potion of magic
 f - 4 potions of curing
 l - 2 potions of berserk rage
 p - 4 potions of brilliance
 t - 6 potions of mutation
 u - a potion of invisibility {unknown}
 v - a potion of heal wounds {unknown}
 C - a potion of ambrosia {unknown}
 E - a potion of resistance {unknown}
 L - a potion of attraction {unknown}
 Q - a potion of might {unknown}
 R - 2 potions of cancellation {unknown}
 T - a potion of enlightenment {unknown}


   Skills:
 - Level 11.2 Dodging
 - Level 2.4 Stealth
 - Level 10.0 Spellcasting
 - Level 10.6 Conjurations
 - Level 5.0 Translocations
 - Level 0.8 Transmutations
 - Level 6.0 Fire Magic
 - Level 3.4 Air Magic
 + Level 7.8 Poison Magic


You had 5 spell levels left.
You knew the following spells:

 Your Spells              Type           Power      Damage    Failure   Level
a - Foxfire               Conj/Fire      100%       2x1d9     1%          1
b - Scorch                Fire           78%        2d8       1%          2
c - Mephitic Cloud        Conj/Pois/Air  61%        N/A       1%          3
d - Ignite Poison         Fire/Tmut/Pois 50%        N/A       1%          3
e - Iskenderun's Mystic   Conj/Tloc      47%        2d10      1%          4
f - Freezing Cloud        Conj/Ice/Air   16%        6-21      3%          5
g - Stone Arrow           Conj/Erth      72%        3d11      1%          3
h - Olgreb's Toxic Radia  Pois           63%        N/A       1%          4

Your spell library contained the following spells:

 Spells                   Type           Power      Damage    Failure   Level
 Frozen Ramparts          Ice            22%        1d4       2%          3
 Magic Dart               Conj           100%       1d8       1%          1
 Sting                    Tmut/Pois      100%       1d8       1%          1
 Cigotuvi's Dreadful Rot  Necr/Pois/Air  86%        N/A       1%          2
 Poisonous Vapours        Pois/Air       100%       N/A       1%          2
 Inner Flame              Hex/Fire       25%        N/A       1%          3
 Volatile Blastmotes      Fire/Tloc      72%        2d16      1%          3
 Flame Wave               Conj/Fire      49%        2d12      1%          4
 Fulminant Prism          Conj/Hex       18%        3d11      1%          4
 Call Imp                 Summ           22%        N/A       4%          2
 Lee's Rapid Deconstruct  Erth           5%         3d6*      22%         5
 Leda's Liquefaction      Hex/Erth       5%         N/A       28%         4
 Leda's Unmaking          Conj/Erth      18%        9d4       14%         6


Dungeon Overview and Level Annotations

Branches:
Dungeon (11/15)            Temple (1/1) D:6            Lair (0/5) D:10
  Sewer (visited)
    Orc: D:9-12

Altars:
Ashenzari
Cheibriados
Dithmenos
Elyvilon
Fedhas
Gozag
Hepliaklqana
Kikubaaqudgha
Makhleb
Nemelex Xobeh
Okawaru
Qazlal
Ru
Sif Muna
Trog
Uskayaw
Vehumet
Wu Jian
Xom
Yredelemnul
Zin
The Shining One

Shops:
D:3 :   D:4 **   D:8 *

Annotations:
D:8 2 transporters, superbruh's ghost, novice GnSh


Message History

Unknown command.
The orc is poisoned.
The centaur looks even sicker.
Your toxic aura wanes.
The centaur shoots an arrow.
The arrow closely misses you.
The centaur shoots an arrow.
The arrow hits you but does no damage.
Casting: Olgreb's Toxic Radiance (safe; 1% risk of failure)
Confirm with . or Enter, or press ? or * to list all spells.
You feel a surge of power!
You ignite the poison in your surroundings!
The centaur seems to burn from within!!!
You kill the centaur!
Vehumet accepts your kill.
Vehumet is now extending the range of your destructive spells.
A centaur comes into view.
The centaur wields a +0 shortbow.
The centaur shoots an arrow.
The arrow hits you.
* * * LOW HITPOINT WARNING * * *
Huge Dmg: -11%(-6hp) hp: 36%(19hp)
Casting: Ignite Poison (safe; 1% risk of failure)
Confirm with . or Enter, or press ? or * to list all spells.
Aiming: Mephitic Cloud (safe; 1% risk of failure)
Press: ? - help, Shift-Dir - straight line You feel a surge of power!
The ball explodes into a vile cloud!
The stinking cloud engulfs the centaur but does no damage.
You hear a shout!
Vehumet accepts your kill.
You feel a bit more experienced.
The centaur is engulfed in noxious fumes.
The centaur appears confused.
Unknown command.
Casting: Mephitic Cloud (safe; 1% risk of failure)
Confirm with . or Enter, or press ? or * to list all spells.
You feel a surge of power!
You begin to radiate toxic energy.
The centaur is poisoned.
The centaur looks even sicker.
The centaur is engulfed in blazing flames. x2
You kill the centaur!
Vehumet accepts your kill. The acid dragon spits acid at you.
The splash of acid hits you!!
You die...

.......................
.........######.######.
.........#....#........
###......#....#'#######
#......#>...........#
+.###..#............#
#.# #..#######......#
#.# #........#......#
##........#.@....#
.....#....+.....##
.#........#.....#
..........#......#
≈≈D≈≈≈8...#)°....#
≈≈≈≈≈8≈...#§°....#
###')≈≈)..#.☼....#
..#.≈≈)..D☼☼....#
..##≈≈cc.#..##.##


You could see an acid dragon (catching breath).

Vanquished Creatures
  A two-headed ogre (D:10)
  A rust devil (D:11)
  An orange demon (D:11)
  2 gargoyles
  An unseen horror (D:10)
  A kobold demonologist (D:9)
  A red devil (D:11)
  A hornet (D:11)
  A wyvern (D:11)
  A vampire (D:11)
  2 shadows
  11 yaks
  A steam dragon (D:6)
  3 vampire mosquitoes (D:11)
  2 neqoxecs (D:11)
  2 water moccasins
  Edmund (D:4)
  Pargi (Sewer)
  An ice beast (D:6)
  3 sky beasts
  A hornet zombie (D:8)
  5 orc warriors
  2 ogres
  8 centaurs
  7 kobold brigands
  Blork the orc (D:5)
  A phantom (D:7)
  4 bullfrogs
  2 necrophages (D:8)
  2 gnoll sergeants
  4 scorpions
  13 wights
  5 killer bees (D:9)
  3 howler monkeys
  3 electric eels (D:11)
  A centaur zombie (D:8)
  9 orc priests
  2 hounds
  A human zombie (D:8)
  An iguana (D:5)
  3 jellies
  Ijyb (D:5)
  8 orc wizards
  2 sleepcaps (D:6)
  2 killer bee zombies (D:8)
  3 mummies (D:8)
  2 howler monkey zombies (D:8)
  9 adders
  9 gnolls
  2 shadow imps (D:7)
  A white imp (D:8)
  An ufetubus (D:6)
  2 worms (D:2)
  5 dart slugs
  44 orcs
  3 endoplasms
  2 giant cockroaches
  8 goblins
  5 hobgoblins
  8 jackals
  2 quokkas
  9 ball pythons
  9 bats
  6 frilled lizards
  32 kobolds
  2 rats (D:2)
293 creatures vanquished.

Vanquished Creatures (others)
  696 foxfires
696 creatures vanquished.

Grand Total: 989 creatures vanquished

Notes
Turn   | Place    | Note
-------+----------+-------------------------------------------
     0 | D:1      | RepHenryClay the Deep Elf Fire Elementalist began the quest
                  | for the Orb.
     0 | D:1      | Reached XP level 1. HP: 10/10 MP: 6/6
   237 | D:1      | Reached XP level 2. HP: 15/15 MP: 5/8
   240 | D:1      | Learned a level 2 spell: Scorch
   806 | D:1      | Reached XP level 3. HP: 19/19 MP: 3/9
  1479 | D:2      | Reached XP level 4. HP: 24/24 MP: 6/10
  2036 | D:3      | Identified the amulet "Ywiddagh" {Reflect Harm *Slow rElec
                  | Str+5 SH+5}
  2081 | D:3      | Found a glowing drain.
  2090 | Sewer    | Entered a sewer
  2158 | Sewer    | Noticed Pargi
  2166 | Sewer    | Killed Pargi
  2167 | Sewer    | Reached skill level 5 in Conjurations
  2167 | Sewer    | Reached XP level 5. HP: 26/28 MP: 6/11
  2655 | D:3      | Found a faded altar of an unknown god.
  2671 | D:3      | Reached XP level 6. HP: 13/32 MP: 4/12
  2847 | D:3      | Identified the +6 leather armour of Impermeability {Str+2}
  3013 | D:3      | Found Puthetish's Book Emporium.
  3229 | D:3      | Bought a book of Minor Magic for 216 gold pieces
  3233 | D:3      | Learned a level 3 spell: Mephitic Cloud
  3237 | D:3      | Learned a level 3 spell: Ignite Poison
  3510 | D:4      | Reached skill level 1 in Poison Magic
  3566 | D:4      | Found Fyteuxiz's Specific Store.
  3568 | D:4      | Found Orcheiluy's General Store.
  3725 | D:5      | Entered Level 5 of the Dungeon
  3725 | D:5      | Noticed Edmund
  3725 | D:5      | Noticed Blork the orc
  3820 | D:5      | Reached skill level 1 in Air Magic
  3822 | D:5      | Noticed Ijyb
  3994 | D:4      | Reached XP level 7. HP: 31/36 MP: 1/13
  4327 | D:4      | Killed Edmund
  4328 | D:4      | Reached skill level 3 in Dodging
  4503 | D:5      | Killed Blork the orc
  4804 | D:5      | Killed Ijyb
  4865 | D:5      | Reached skill level 4 in Dodging
  4912 | D:5      | Reached XP level 8. HP: 41/41 MP: 11/17
  4950 | D:5      | Found a broken altar of Ashenzari.
  5303 | D:6      | Reached skill level 5 in Spellcasting
  5372 | D:6      | Reached skill level 5 in Dodging
  5456 | D:5      | Learned a level 4 spell: Iskenderun's Mystic Blast
  5462 | D:5      | Learned a level 5 spell: Freezing Cloud
  5846 | D:6      | Found a staircase to the Ecumenical Temple.
  5855 | Temple   | Entered the Ecumenical Temple
  5883 | Temple   | Became a worshipper of Vehumet
  6094 | D:6      | Reached skill level 1 in Translocations
  6366 | D:6      | Reached XP level 9. HP: 28/45 MP: 12/20
  6517 | D:6      | Found a sparkling altar of Nemelex Xobeh.
  6834 | D:6      | Reached skill level 5 in Translocations
  7168 | D:7      | Reached skill level 6 in Dodging
  7459 | D:7      | Reached * piety under Vehumet
  7459 | D:7      | Offered knowledge of Kiss of Death by Vehumet.
  7774 | D:7      | Found a large runed translucent door.
  7777 | D:7      | Found a large runed translucent door.
  7915 | D:7      | Found a hazy altar of Hepliaklqana.
  8128 | D:7      | Reached skill level 5 in Fire Magic
  8478 | D:7      | Reached skill level 7 in Dodging
  8578 | D:7      | Found a shimmering blue altar of Sif Muna.
  8581 | D:7      | Found a glowing silver altar of Zin.
  8717 | D:8      | Reached skill level 8 in Dodging
  8898 | D:8      | Noticed a moth of wrath
  8903 | D:8      | Noticed a two-headed ogre
  8903 | D:8      | Noticed superbruh's ghost (novice GnSh)
  8966 | D:8      | Found a transporter.
  8969 | D:8      | Found a transporter.
  8975 | D:8      | Found a bloodstained altar of Trog.
  9138 | D:8      | Found Tycasonu's Assorted Antiques.
  9295 | D:4      | Bought a scroll of revelation for 90 gold pieces
  9295 | D:4      | Bought a scroll of fog for 48 gold pieces
  9410 | D:8      | Offered knowledge of Static Discharge by Vehumet.
  9722 | D:8      | Reached skill level 9 in Dodging
  9747 | D:8      | Reached ** piety under Vehumet
  9748 | D:8      | Reached XP level 10. HP: 50/50 MP: 15/22
  9850 | D:8      | Found a basalt altar of Yredelemnul.
 10435 | D:9      | Offered knowledge of Stone Arrow by Vehumet.
 10441 | D:9      | Learned a level 3 spell: Stone Arrow
 10698 | D:9      | Reached skill level 10 in Dodging
 10906 | D:9      | Identified the +0 robe "Kitoid" {-Tele Drain rC++ rN+++}
 11064 | D:9      | Found a snail-covered altar of Cheibriados.
 11176 | D:10     | Entered Level 10 of the Dungeon
 11355 | D:10     | Reached *** piety under Vehumet
 11356 | D:10     | Reached skill level 10 in Conjurations
 11680 | D:10     | Noticed a gargoyle
 11808 | D:10     | Noticed a two-headed ogre
 11834 | D:10     | Killed a two-headed ogre
 11834 | D:10     | Offered knowledge of Frozen Ramparts by Vehumet.
 11835 | D:10     | Reached skill level 11 in Dodging
 11835 | D:10     | Reached XP level 11. HP: 54/54 MP: 7/26
 12135 | D:10     | Reached skill level 10 in Spellcasting
 12215 | D:10     | Found a staircase to the Lair.
 12309 | D:10     | Learned a level 4 spell: Olgreb's Toxic Radiance
 12688 | D:11     | Reached skill level 5 in Poison Magic
 13233 | D:11     | Reached **** piety under Vehumet
 13236 | D:11     | Killed from afar by an acid dragon

Illustrated notes

Levels and vault maps discovered:
D:1:      tarquinn_simple_flora_water_e, layout_basic
D:2:      layout_loops_cross
D:3:      layout_basic, portal_sewer_entry_d, ebering_ecumenical_altar_webs,
          serial_shops, nicolae_shop_pleasant_corner_grove
D:4:      layout_cave_pools, nicolae_specific_store, grunt_ministairs_2
D:5:      layout_cave_pools, kennysheep_little_box, minmay_misc_feat_ornament,
          minmay_starry_boxes, uniq_ijyb, uniq_edmund, uniq_blork_the_orc
D:6:      layout_loops_corners, mainiacjoe_overflow_alcove_4,
          minmay_temple_entry_large_hall
D:7:      layout_basic, overflow_temple_1_default, jmf_multi_god_temple2
D:8:      layout_loops_cross, lemuel_mausoleum_altar_yredelemnul, serial_shops,
          nicolae_shop_crystal, gammafunk_ghost_wrathful_warriors, fountainhead,
          minmay_misc_feat_cross
D:9:      layout_loops_ring, kennysheep_slug_shrine
D:10:     layout_roguey, lair_entry_dummy, kennysheep_generic_room_9
D:11:     layout_stronghold, erik_orc_2, nicolae_neqoxec_dot_bat
Temple:   nicolae_temple_bog_church

Skill      XL: |  1  2  3  4  5  6  7  8  9 10 11 |
---------------+----------------------------------+-----
Conjurations   | 2 3 4 5 6 7 8 10 | 10.6
Poison Magic   | 2 3 7 |  7.8
Air Magic      | 2 3 |  3.4
Dodging        | 4 5 9 11 | 11.2
Spellcasting   | 4 6 7 9 10 | 10.0
Translocations | 4 5 |  5.0
Fire Magic     | 6 |  6.0
Stealth        | |  2.4
Transmutations | |  0.8

Action                     |  1- 3 |  4- 6 |  7- 9 | 10-12 || total
---------------------------+-------+-------+-------+-------++-------
  Melee: Unarmed           |       |     3 |     2 |       ||     5
         Staff             |       |       |       |    45 ||    45
   Cast: Foxfire           |    77 |   100 |   179 |    31 ||   387
         Scorch            |       |     7 |   102 |    60 ||   169
         Mephitic Cloud    |       |     4 |     3 |     2 ||     9
         Iskenderun's Myst |       |       |     6 |    17 ||    23
         Freezing Cloud    |       |       |       |    15 ||    15
         Stone Arrow       |       |       |       |    22 ||    22
         Olgreb's Toxic Ra |       |       |       |    11 ||    11
         Ignite Poison     |       |       |       |     2 ||     2
  Evoke: Wand              |       |       |       |     2 ||     2
    Use: Scroll            |       |     2 |     8 |     1 ||    11
         Potion            |       |     1 |       |       ||     1
 Armour: Robe              |     6 |     1 |       |       ||     7
         Leather armour    |       |     8 |    68 |    55 ||   131
  Dodge: Dodged            |    14 |    38 |   135 |   144 ||   331

Table legend: (Time is in decaauts)
 A = Elapsed time spent in this place.
 B = Non-inter-level travel time spent in this place.
 C = Inter-level travel time spent in this place.
 D = Time resting spent in this place.
 E = Time spent auto-exploring this place.
 F = Levels seen in this place.
 G = Mean time per level.
                   A        B        C        D        E       F      G
               +--------+--------+--------+--------+--------+-----+--------+
         Total |  13296 |  12634 |    662 |   1209 |   9313 |  13 | 1022.8 |
       Dungeon |  12948 |  12308 |    640 |   1181 |   9096 |  11 | 1177.1 |
        Temple |     70 |     48 |     22 |     28 |      0 |   1 |   70.0 |
         Sewer |    277 |    277 |      0 |      0 |    217 |   1 |  277.0 |
               +--------+--------+--------+--------+--------+-----+--------+

Top non-repeatable levels by time:
     D:6: 1850 daAuts
     D:8: 1399 daAuts
     D:7: 1317 daAuts
     D:5: 1279 daAuts
     D:4: 1094 daAuts
     D:9: 1091 daAuts
     D:2: 1060 daAuts
    D:10: 1045 daAuts
     D:1: 960 daAuts
    D:11: 926 daAuts
     D:3: 923 daAuts
   Sewer: 277 daAuts
  Temple: 70 daAuts
